AoeStats
← WILSON-2026

Arena

505234788Analyzed
1v1 RM · 23d ago on Sep 8, 2026· 40m 17s· 2 players
Game mode
Random Map
Map size
Tiny (2 player)
Population
200
Speed
Normal
Resources
Standard
Victory
Conquest
Starting age
Dark Age
Ending age
Imperial Age
RankedLock teamsTeams togetherTeam positionsShared explorationLock speedFull tech treeHidden civsTurbo modeCheats
Victory
Defeat
🇨🇳 Saracens · China
1130
+16
🇫🇷 Byzantines · France
1130
-16
FauneMontagne91
10:28 Feudal Age
11:23 Double-Bit Axe
11:39 Horse Collar
17:34 Castle Age
18:50 Heavy Plow
19:28 Bow Saw
20:24 Husbandry
23:51 Elite Skirmisher
26:57 Wheelbarrow
31:34 Imperial Age
29:55 Gold Mining
31:29 Hand Cart
33:24 Chemistry
32:05 Heavy Camel Rider
34:14 Scale Barding Armor
35:10 Ballistics
36:51 Crossbowman
40:19 Fletching
WILSON-2026
4:56 Loom
10:49 Feudal Age
14:44 Castle Age
12:56 Double-Bit Axe
13:47 Horse Collar
22:15 Loom
22:16 Town Watch
23:01 Bow Saw
27:42 Wheelbarrow
27:13 Fletching
29:13 Heavy Plow
30:56 Ballistics
31:09 Hand Cart
34:12 Imperial Age
31:42 Treadmill Crane
31:56 Man-at-Arms
31:56 Pikeman
32:21 Gambesons
32:36 Squires
32:22 Arson
32:51 Forging
32:47 Scale Barding Armor
32:45 Scale Mail Armor
32:51 Gold Mining
32:51 Stone Mining
33:12 Arson
34:47 Iron Casting
34:28 Chain Mail Armor
35:12 Gold Shaft Mining
34:04 Long Swordsman
35:07 Two-Handed Swordsman
36:27 Conscription
37:11 Blast Furnace
37:19 Chemistry
36:56 Masonry
36:43 Murder Holes
37:00 Fortified Wall
37:49 Plate Mail Armor
38:21 Bimaristan
39:03 Sanctity
38:54 Fervor
38:34 Champion
40:47 Siege Engineers
Connection lost

Rejoining the realm…

Still unreachable

The connection could not be restored.

Session expired

The server has moved on; the page needs a fresh start.